Map: Mist Opportunities

Players

Milk

  • Race: Zerg Zerg

Fugnuts

  • Race: Terran Terran

VOD

Have the link to the VOD?

Description

19:52 for bug

Time

  • Played on: Dec. 23, 2024, 1:24 a.m.
  • Length: 30:08
Show
View Real Time Build Order
Export as new Build Order

Milk Zerg 

Build Orders:  

Get SALT Encoding   

  18  0:10  Extractor  
  18  0:34  Primal Warden  
  19  0:58  Primal Drone  
  19  0:59  Primal Drone x2  
  22  1:04  Unknown  
  22  1:38  Glevig's Den  
  21  1:47  Extractor  
  21  2:29  Primal Drone x2  
  23  2:30  Primal Drone  
  23  2:31  Primal Drone  
  25  3:15  Murvar's Den  
  25  3:17  Primal Drone  
  25  3:18  Primal Drone x3  
  28  4:12  Primal Drone  
  28  4:13  Primal Drone x2  
  27  4:21  Primal Attacks Level 1  
  27  4:33  Primal Drone  
  28  5:29  Aerial Burst Sacs  
  28  5:32  Dakrun's Den  
  27  7:01  Unknown x2  
  27  7:04  Primal Drone x5  
  27  7:05  Primal Attacks Level 2  
  27  7:07  Explosive Spores  
  32  7:29  Primal Drone  
  33  8:07  Primordial Fury  
  33  8:19  Primal Drone x2  
  35  8:23  Primal Roach x2  
  35  8:24  Primal Roach x2  
  43  9:23  Primal Guardian  
  43  9:24  Primal Guardian  
  41  10:00  Primal Roach x2  
  41  10:01  Primal Roach x2  
  41  10:05  Healing Adaptation  
  49  10:39  Primal Guardian  
  48  10:47  Primal Guardian  
  47  11:05  Impaling Strike  
  47  11:31  Primal Drone  
  47  11:32  Primal Drone x4  
  46  12:05  Barrage of Spikes  
  46  12:32  Unknown  
  46  13:05  Tyrant's Protection, Primal Drone  
  46  13:06  Primal Attacks Level 3  
  46  13:07  Primal Drone  
  46  13:08  Primal Drone x2  
  50  13:16  Primal Wurm  
  50  13:18  Primal Wurm x2  
  50  13:19  Primal Wurm x2  
  55  13:23  Primal Drone x2  
  55  13:27  Primal Wurm  
  55  15:29  Primal Ultralisk  
  61  15:30  Primal Ultralisk x3  
  73  17:49  Primal Drone  
  74  18:30  Primal Warden  
  74  18:56  Primal Ultralisk x2  
  74  18:57  Primal Ultralisk x2  
  98  19:01  Primal Drone  
  98  19:02  Primal Drone x4  
  104  19:14  Primal Wurm  
  104  19:15  Primal Wurm  
  104  19:16  Primal Wurm x2  
  104  19:17  Primal Wurm  
  93  20:54  Primal Ultralisk x2  
  102  23:22  Primal Ultralisk x2  
  111  24:31  Primal Drone  
  111  24:32  Primal Drone x4  
  111  24:38  Primal Wurm  
  111  24:39  Primal Wurm  
  121  24:40  Primal Wurm  
  121  24:41  Primal Wurm x2  
  121  24:44  Primal Ultralisk x2  
  130  26:03  Primal Ultralisk x2  
Show
View Real Time Build Order
Export as new Build Order

Fugnuts Terran 

Build Orders:  

Get SALT Encoding   

  12  0:08  SCV  
  13  0:25  SCV  
  14  0:42  SCV  
  15  0:59  SCV  
  16  1:05  Refinery  
  16  1:09  Refinery  
  16  1:16  SCV  
  17  1:33  SCV  
  18  1:50  SCV  
  18  1:51  Engineering Bay  
  19  2:07  SCV  
  20  2:24  SCV  
  20  2:27  Fixers Safehouse  
  20  2:29  Auto-Turret  
  21  2:41  SCV  
  22  2:58  SCV  
  23  3:01  Tychus  
  23  3:08  Lt Layna Nikara  
  33  3:15  SCV  
  34  3:21  Auto-Turret  
  34  4:17  Command Center  
  34  4:21  SCV  
  34  4:28  Flashforce GDM Visor  
  35  4:36  Muscle Armory  
  35  4:38  SCV  
  36  4:55  SCV  
  37  5:12  SCV  
  38  5:21  Auto-Turret x2  
  38  5:29  SCV  
  39  5:32  Gunslingers Hideout  
  39  5:46  SCV  
  40  5:58  Big Red Button  
  40  6:02  SCV  
  41  6:19  SCV  
  42  6:29  SCV  
  43  6:35  Refinery  
  43  6:39  Refinery  
  43  6:45  SCV  
  44  7:02  SCV  
  45  7:11  Miles Blaze Lewis  
  45  7:19  SCV  
  56  7:36  SCV  
  57  8:08  Outlaw Life and Armor Level 1  
  57  8:15  Engineering Bay  
  57  8:33  SCV  
  58  8:50  SCV  
  59  9:07  SCV  
  60  9:15  Command Center  
  60  9:24  SCV  
  61  9:41  SCV  
  61  9:44  Vega  
  72  10:21  Medivac Platform  
  72  10:23  Outlaw Weapons Level 1  
  72  10:24  Outlaw Life and Armor Level 2  
  72  11:04  SCV  
  73  11:10  Refinery  
  73  11:11  SCV  
  74  11:21  SCV  
  74  11:28  SCV  
  76  11:38  Psi Projector, SCV  
  77  11:45  SCV  
  77  11:47  Refinery, Medivac Platform  
  78  11:55  SCV  
  79  12:02  SCV  
  80  12:12  SCV  
  80  12:19  SCV  
  82  12:23  ITC-E Triggers  
  82  12:29  SCV  
  83  12:44  Endurance Supplements  
  83  12:46  SCV  
  84  12:50  Medivac Platform  
  84  12:56  Crooked Sam  
  94  13:03  SCV  
  95  13:20  SCV  
  96  13:37  SCV  
  97  13:53  Outlaw Weapons Level 2  
  97  14:14  Outlaw Life and Armor Level 3  
  97  14:36  SCV  
  98  14:50  Umojan Repair Nanites, Procyon Twin Heal Beam Gauntlet  
  98  14:52  Kel-Morian Ripper Rounds  
  98  14:53  SCV, LarsCorp G7 Charges  
  99  15:24  Auto-Turret  
  99  15:51  Auto-Turret  
  99  16:10  Wildflame Fuel Additives  
  99  16:11  Hades Oil  
  99  16:18  Auto-Turret  
  99  16:47  Auto-Turret  
  99  17:11  Outlaw Life and Armor Level 4, Outlaw Weapons Level 3  
  99  17:15  Auto-Turret  
  99  17:42  Auto-Turret  
  99  17:50  SCV  
  100  18:10  Auto-Turret  
  100  18:29  Auto-Turret  
  100  18:31  Procyon Shade Suit  
  100  18:38  Auto-Turret  
  100  18:39  Procyon Serum  
  100  18:40  Moebius Psionic Motivator  
  100  18:44  KD9a Implosion Core  
  100  18:54  Auto-Turret  
  100  18:57  Auto-Turret  
  100  19:22  Auto-Turret  
  100  19:26  Auto-Turret  
  100  19:44  High Capacity Containers  
  100  19:49  Auto-Turret  
  100  19:57  Outlaw Weapons Level 4  
  100  21:46  XM-77 Matrix Generator  
  100  21:50  Vanadium Shell, Moebius Restraint Matrix  
  100  21:53  Outlaw Life and Armor Level 5  
  100  22:01  Auto-Turret  
  100  22:06  Auto-Turret  
  100  22:07  Auto-Turret  
  100  22:26  Neural Disruption Device  
  100  22:29  Auto-Turret  
  100  22:35  Auto-Turret  
  100  23:04  Auto-Turret  
  100  23:07  Auto-Turret  
  100  23:44  Auto-Turret  
  100  23:45  Auto-Turret  
  100  24:25  Auto-Turret  
  100  24:36  Auto-Turret  
  100  24:48  Outlaw Weapons Level 5  
  100  24:51  Type-88 Persuader  
  100  24:54  XCMC-670 Combat Suit  
  100  26:31  Auto-Turret  
  100  26:46  Auto-Turret  
  100  27:03  Auto-Turret  
  100  27:18  SureShot Networked Helmet  
  100  27:19  Enhanced Hostilities Kit  
  100  27:30  Auto-Turret  
  87  29:04  SCV  
  98  29:21  SCV  
  99  29:38  SCV  
Tags
 
Add a new tag
Caveats
  • Supply blocks, unpowered buildings, or Contaminate may cause inaccurate times.
  • Supply counts are checked every 10 seconds.